 Dungeon Crawl Stone Soup version 0.23.2-11-gf996548c65 (webtiles) character file.

Game seed: 6922909872418298624

709 Kobolds4U the Ducker (level 7, -3/35 HPs)
             Began as a Spriggan Assassin on June 2, 2019.
             Was a Follower of Okawaru.
             Shot with an arrow by a centaur (18 damage)
             ... on level 5 of the Dungeon.
             The game lasted 00:09:41 (4698 turns).

Kobolds4U the Ducker (Spriggan Assassin)            Turns: 4698, Time: 00:09:41

Health: -3/35      AC:  3    Str:  7    XL:     7   Next: 40%
Magic:  9/9        EV: 24    Int: 13    God:    Okawaru [*.....]
Gold:   178        SH:  0    Dex: 19    Spells: 6/6 levels left

rFire    . . .     SeeInvis +   a - +0 rapier
rCold    . . .     Gourm    .   (shield restricted)
rNeg     . . .     Faith    .   c - +0 robe
rPois    .         Spirit   .   (helmet restricted)
rElec    .         Reflect  .   d - +0 cloak
rCorr    .         Harm     .   (gloves unavailable)
MR       ++...                  (boots unavailable)
Stlth    ++........             (no amulet)
HPRegen  0.11/turn              s - ring of protection from magic
MPRegen  0.11/turn              C - ring of attention (curse)

@: very quick
A: very small, unfitting armour, see invisible, herbivore, speed 3, slow
metabolism 2
a: Heroism, Renounce Religion


You were on level 5 of the Dungeon.
You worshipped Okawaru.
Okawaru was aware of your devotion.
You were near starving.

You visited 2 branches of the dungeon, and saw 6 of its levels.
You also visited: Sewer.

You collected 178 gold pieces.

Inventory:

Hand Weapons
 a - a +0 rapier (weapon)
 b - a +0 blowgun
 o - a +2 dagger
 x - a +0 dagger of venom
Missiles
 e - 16 poisoned needles
 f - 2 curare-tipped needles
Armour
 c - a +0 robe (worn)
 d - a +0 cloak (worn)
Jewellery
 s - a ring of protection from magic (left hand)
 C - a cursed ring of attention (right hand)
Wands
 z - a wand of polymorph (9)
Scrolls
 i - 2 scrolls of fear {unknown}
 j - 3 scrolls of magic mapping {unknown}
 l - 2 scrolls of teleportation {unknown}
 r - 2 scrolls of identify {unknown}
 t - 3 scrolls of fog {unknown}
 u - a scroll of blinking {unknown}
 w - a scroll of amnesia {unknown}
 y - a scroll of immolation {unknown}
 A - a scroll of random uselessness {unknown}
 B - a scroll of remove curse {unknown}
Potions
 h - a potion of mutation {unknown}
 k - 4 potions of curing {unknown}
 m - 3 potions of flight {unknown}
 n - a potion of haste {unknown}
 p - a potion of lignification {unknown}
 q - 2 potions of magic {unknown}
 v - a potion of brilliance {unknown}
Comestibles
 g - 13 rations


   Skills:
 - Level 2.0 Fighting
 + Level 6.2 Short Blades
 - Level 2.0 Throwing
 + Level 7.5 Dodging
 - Level 5.8 Stealth
 * Level 2.5 Invocations


You had 6 spell levels left.
You didn't know any spells.
Your spell library was empty.

Dungeon Overview and Level Annotations

Branches:
Dungeon (5/15)             Temple (1/1) D:4

Altars:
Cheibriados
Dithmenos
Elyvilon
Fedhas
Makhleb
Okawaru
Sif Muna
Vehumet
Wu Jian
The Shining One


Innate Abilities, Weirdness & Mutations

You are very small and have problems with some larger weapons.
You are too small for most types of armour.
You have supernaturally acute eyesight. (SInv)
You are a herbivore.
You cover ground extremely quickly.
You need to consume almost no food.


Message History

An orc and a howler monkey come into view.
Found a scroll labeled QINUMI ROXKAZO.
Found a scroll labeled SUGAIMA PAALEE.
A centaur comes into view.
The centaur shouts!
The centaur wields a +1 shortbow of freezing.
It is covered in frost.
The centaur shoots an arrow.
The arrow hits you. The arrow freezes you.
Found 18 gold pieces and a copper ring.
The centaur shoots an arrow.
The arrow closely misses you.
The howler monkey howls!
You hear an angry hiss.
Found a robe.
The centaur shoots an arrow.
The arrow hits you! The arrow freezes you.
The howler monkey hoots and howls with incredible vigour!
You hear a shout! x5
You see here an arrow.
The centaur shoots an arrow.
The arrow hits you!!
Ouch! That really hurt!
You die...

. .. ##[##########
..o.. ...#.....#..
..#.# ...........#
#.....
..=........###.....#
.....?....$#.......
.........(.#....#.#
...?....(@.....##.#
..$........#..###.#
...h...(...#..# #.#
..............###.#
.........#........#
###...#.....#####.#
.c........## #.##
.##...?....## #..#
#...## ....#.(##


You could see a centaur and a howler monkey.

Vanquished Creatures
  Grinder (D:5)
  Purgy (Sewer)
  A scorpion (D:3)
  A crimson imp (D:4)
  A hound (D:4)
  5 worker ants (D:4)
  A hound skeleton (D:4)
  9 adders
  An ooze (D:2)
  5 worms (D:2)
  3 dart slugs
  2 leopard geckos
  5 orcs
  4 giant cockroaches
  6 goblins
  5 hobgoblins
  13 jackals
  6 kobolds
  A quokka (D:3)
  2 ball pythons
  8 bats
  6 frilled lizards
  6 rats
93 creatures vanquished.

Notes
Turn   | Place    | Note
-------+----------+-------------------------------------------
     0 | D:1      | Kobolds4U the Spriggan Assassin began the quest for the
                  | Orb.
     0 | D:1      | Reached XP level 1. HP: 10/10 MP: 2/2
   142 | D:1      | Reached XP level 2. HP: 10/15 MP: 3/3
   476 | D:1      | Reached skill level 2 in Dodging
   789 | D:2      | Reached XP level 3. HP: 11/18 MP: 4/4
  1029 | D:2      | Reached skill level 3 in Dodging
  1301 | D:2      | Reached XP level 4. HP: 21/23 MP: 5/5
  2052 | D:3      | Reached skill level 4 in Dodging
  2162 | D:3      | Found a glowing drain.
  2171 | Sewer    | Entered a sewer
  2343 | Sewer    | Noticed Purgy
  2350 | Sewer    | Killed Purgy
  2350 | Sewer    | Reached skill level 5 in Dodging
  2350 | Sewer    | Reached XP level 5. HP: 25/26 MP: 6/6
  2548 | D:3      | Reached skill level 5 in Short Blades
  2551 | D:3      | Reached XP level 6. HP: 30/30 MP: 7/7
  2758 | D:4      | Found a staircase to the Ecumenical Temple.
  2760 | D:4      | Reached skill level 6 in Dodging
  2776 | Temple   | Entered the Ecumenical Temple
  2801 | Temple   | Became a worshipper of Warmaster Okawaru
  3688 | D:4      | Reached skill level 7 in Dodging
  3946 | D:4      | Reached skill level 1 in Invocations
  3946 | D:4      | Reached XP level 7. HP: 23/35 MP: 8/8
  4584 | D:5      | Entered Level 5 of the Dungeon
  4584 | D:5      | Noticed Grinder
  4628 | D:5      | Killed Grinder
  4628 | D:5      | Reached * piety under Okawaru
  4698 | D:5      | Shot with an arrow by a centaur

Skill      XL: |  1  2  3  4  5  6  7 |
---------------+----------------------+-----
Fighting       | 2 |  2.0
Dodging        | 2 3 5 7 |  7.5
Short Blades   | 3 4 5 6 |  6.2
Invocations    | 1 2 |  2.5
Throwing       | |  2.0
Stealth        | |  5.8

Action                   |  1- 3 |  4- 6 |  7- 9 || total
-------------------------+-------+-------+-------++-------
Melee: Dagger            |   120 |    68 |       ||   188
       Rapier            |    21 |   165 |    26 ||   212
 Fire: Blowgun           |    29 |    15 |     4 ||    48
 Stab: Sleeping          |     5 |    11 |     1 ||    17
Armor: Robe              |    23 |    27 |     5 ||    55
Dodge: Dodged            |   123 |   227 |    43 ||   393
